Map: Overgrowth LE (Void)

Players

PSiArc

  • Race: Terran Terran
  • League: Master
  • Spawn Location: 7:00

ShoWTimE - Winner!

  • Race: Protoss Protoss
  • Spawn Location: 1:00

Event: WESG 2016 Finals

VOD

Have the link to the VOD?

Description

Time

  • Played on: Jan. 13, 2017, 12:53 a.m.
  • Length: 10:58

All games in this series

Show
View Real Time Build Order
Export as new Build Order

PSiArc Terran 

Build Orders: Liberator Opening, Reaper Expand, MMM Bio 

Get SALT Encoding   

  12  0:00  SCV  
  13  0:13  SCV  
  14  0:17  Supply Depot  
  14  0:25  SCV  
  15  0:29  Refinery  
  15  0:39  SCV  
  16  0:44  Barracks  
  16  0:51  SCV  
  17  1:03  SCV  
  18  1:15  SCV  
  19  1:31  Orbital Command, Reaper  
  20  1:55  Command Center  
  20  1:56  Factory  
  20  1:58  SCV  
  21  2:05  Refinery  
  21  2:07  Barracks Reactor  
  21  2:10  SCV  
  21  2:15  Supply Depot  
  22  2:23  SCV  
  23  2:39  SCV  
  23  2:40  Starport  
  24  2:44  Widow Mine  
  24  2:45  Marine x2  
  28  2:52  SCV  
  29  3:04  Marine x2  
  31  3:07  Orbital Command, SCV  
  32  3:13  Cyclone  
  32  3:19  Medivac, SCV  
  38  3:23  Marine  
  38  3:24  Marine  
  40  3:32  Supply Depot  
  41  3:34  SCV  
  41  3:35  SCV  
  42  3:42  Barracks  
  42  3:43  Marine  
  42  3:44  Liberator  
  42  3:45  Marine  
  42  3:48  SCV  
  45  3:49  SCV  
  46  4:00  SCV  
  46  4:02  SCV  
  51  4:03  Factory Tech Lab  
  51  4:05  Supply Depot  
  51  4:07  Marine  
  51  4:08  Marine  
  53  4:12  SCV  
  54  4:26  SCV  
  54  4:27  SCV  
  54  4:37  Marine x2, Barracks Tech Lab  
  54  4:38  Siege Tank, SCV  
  59  4:39  SCV  
  59  4:40  Supply Depot  
  59  4:42  Barracks  
  61  4:51  SCV  
  62  4:57  Engineering Bay  
  62  4:58  Stimpack  
  62  5:02  Marine, SCV  
  62  5:05  Supply Depot, SCV  
  62  5:06  Refinery  
  62  5:07  Marine x2  
  65  5:08  Starport Reactor  
  67  5:16  SCV  
  67  5:20  Marine  
  69  5:22  Supply Depot  
  69  5:24  Terran Infantry Weapons Level 1  
  69  5:25  SCV  
  69  5:26  Factory Reactor  
  69  5:27  Refinery  
  70  5:28  SCV  
  70  5:33  Marine x2  
  73  5:37  SCV  
  74  5:44  Combat Shields  
  74  5:45  Marine  
  74  5:46  Marauder  
  74  5:47  Supply Depot  
  77  5:50  Supply Depot  
  77  5:51  Marine x2, SCV x2  
  81  6:03  SCV x2  
  82  6:06  Marauder  
  82  6:08  Marauder  
  82  6:11  Marine x2  
  86  6:13  Medivac x2  
  86  6:14  Widow Mine x2  
  86  6:16  Supply Depot  
  86  6:17  Supply Depot  
  96  6:25  SCV x2  
  98  6:29  Command Center  
  98  6:34  Marauder  
  98  6:36  Marauder  
  102  6:42  Marine x2  
  102  6:43  Widow Mine x2  
  91  6:57  Marauder, Marine  
  91  7:00  Marine x2  
  84  7:02  Viking x2  
  84  7:07  Barracks  
  88  7:13  Barracks  
  88  7:17  SCV x2  
  90  7:25  Marauder x2, Marine x2  
  96  7:32  Widow Mine x2  
  100  7:43  Orbital Command, SCV x2  
  102  7:44  Terran Infantry Armor Level 1  
  102  7:46  Marauder  
  102  7:47  Marauder  
  104  7:51  Marine  
  104  7:54  Marine  
  104  7:56  Barracks Reactor  
  101  7:58  SCV  
  101  7:59  Viking x2  
  101  8:01  Barracks Tech Lab  
  106  8:05  Starport  
  106  8:07  SCV  
  106  8:08  Marauder  
  106  8:09  SCV  
  106  8:11  Factory Reactor  
  110  8:14  Missile Turret  
  110  8:16  Marauder  
  112  8:21  Marauder, Marine  
  112  8:22  Marine  
  116  8:30  Marauder  
  116  8:31  Viking x2  
  120  8:37  SCV x2  
  120  8:38  Marauder, SCV  
  120  8:40  Sensor Tower  
  125  8:43  Viking  
  125  8:44  Viking  
  129  8:49  Marauder, Marine x2  
  129  8:53  Supply Depot  
  133  8:56  SCV x3  
  135  9:05  Marine x3  
  135  9:06  Marauder  
  140  9:14  Marine  
  140  9:15  Marauder  
  143  9:18  Supply Depot, Ghost Academy  
  143  9:19  Supply Depot  
  143  9:20  Marine  
  143  9:21  Refinery  
  143  9:22  Marine  
  143  9:23  Medivac, Marauder, Refinery  
  149  9:30  Armory  
  149  9:31  Engineering Bay  
  149  9:32  Medivac, Marauder  
  153  9:45  Command Center  
  153  9:49  Missile Turret  
  143  10:03  Marine x2  
  143  10:04  Marauder  
  145  10:13  Marine x2  
  145  10:14  Marauder  
  131  10:25  Marine  
  131  10:26  Marauder  
Show
View Real Time Build Order
Export as new Build Order

ShoWTimE Protoss - Winner!

Build Orders: 1 Gate Expand, Colossus Rush 

Get SALT Encoding   

  12  0:01  Probe (Chrono Boost)  
  13  0:11  Probe (Chrono Boost)  
  14  0:17  Pylon  
  14  0:22  Probe (Chrono Boost)  
  15  0:35  Probe (Chrono Boost)  
  16  0:36  Gateway  
  16  0:42  Assimilator  
  16  0:46  Probe (Chrono Boost)  
  17  0:56  Probe (Chrono Boost)  
  18  1:07  Probe (Chrono Boost)  
  19  1:19  Nexus  
  19  1:21  Probe (Chrono Boost)  
  20  1:31  Cybernetics Core  
  20  1:33  Probe (Chrono Boost)  
  20  1:38  Assimilator  
  21  1:44  Probe (Chrono Boost)  
  22  1:48  Pylon  
  22  1:55  Probe (Chrono Boost)  
  23  2:07  Mothership Core (Chrono Boost), Warp Gate  
  25  2:09  Adept  
  27  2:25  Probe (Chrono Boost)  
  28  2:33  Probe (Chrono Boost)  
  28  2:36  Probe (Chrono Boost)  
  30  2:44  Probe (Chrono Boost), Robotics Facility  
  31  2:45  Adept  
  31  2:49  Probe (Chrono Boost)  
  34  2:54  Probe (Chrono Boost)  
  35  3:01  Probe (Chrono Boost)  
  35  3:03  Gateway  
  35  3:05  Probe (Chrono Boost)  
  37  3:06  Gateway  
  38  3:13  Probe (Chrono Boost)  
  38  3:14  Assimilator  
  38  3:15  Probe (Chrono Boost)  
  38  3:19  Assimilator  
  39  3:25  Probe (Chrono Boost)  
  39  3:26  Probe (Chrono Boost)  
  41  3:28  Pylon, Observer  
  42  3:37  Probe (Chrono Boost)  
  42  3:38  Probe (Chrono Boost)  
  42  3:40  Pylon  
  44  3:47  Observer  
  45  3:49  Probe (Chrono Boost), Robotics Bay  
  45  3:51  Probe (Chrono Boost)  
  47  4:01  Probe (Chrono Boost)  
  49  4:03  Probe (Chrono Boost)  
  49  4:08  Stalker  
  49  4:09  Stalker  
  53  4:11  Stalker, Observer  
  53  4:13  Probe (Chrono Boost)  
  53  4:15  Probe (Chrono Boost)  
  58  4:17  Pylon  
  59  4:25  Probe (Chrono Boost)  
  59  4:27  Probe (Chrono Boost)  
  59  4:31  Observer  
  59  4:37  Probe (Chrono Boost)  
  62  4:39  Probe (Chrono Boost)  
  62  4:40  Twilight Council  
  62  4:42  Pylon  
  62  4:44  Colossus  
  62  4:50  Pylon, Stalker  
  70  5:03  Gateway  
  70  5:05  Stalker  
  72  5:09  Gateway  
  72  5:13  Gateway, Blink  
  72  5:30  Probe (Chrono Boost), Extended Thermal Lance  
  72  5:31  Probe (Chrono Boost), Colossus, Pylon  
  81  5:51  Probe x2 (Chrono Boost)  
  81  6:00  Sentry, Nexus  
  81  6:01  Pylon  
  82  6:15  Probe x2 (Chrono Boost)  
  82  6:17  Colossus  
  84  6:25  Sentry, Pylon, Adept  
  93  6:27  Probe (Chrono Boost)  
  93  6:32  Adept x2  
  97  6:35  Pylon  
  97  6:36  Adept  
  101  6:43  Probe (Chrono Boost)  
  101  6:45  Probe (Chrono Boost), Pylon  
  98  6:54  Stalker  
  98  6:55  Adept x2  
  98  6:56  Probe (Chrono Boost)  
  98  7:01  Probe (Chrono Boost)  
  101  7:06  Warp Prism  
  101  7:08  Forge  
  101  7:09  Forge  
  101  7:14  Probe (Chrono Boost)  
  101  7:15  Probe x2 (Chrono Boost)  
  106  7:22  Pylon  
  106  7:26  Probe (Chrono Boost)  
  106  7:27  Probe (Chrono Boost), Stalker  
  110  7:32  Stalker  
  110  7:33  Stalker  
  113  7:40  Stalker  
  114  7:48  Protoss Ground Armor Level 1, Protoss Ground Weapons Level 1  
  113  7:52  Resonating Glaives  
  113  7:55  Stalker, Adept x2  
  118  8:02  Probe x2 (Chrono Boost)  
  118  8:03  Probe (Chrono Boost)  
  121  8:08  Disruptor  
  124  8:15  Photon Cannon  
  124  8:20  Assimilator  
  124  8:25  Assimilator  
  124  8:33  Stalker x4, Adept  
  124  8:34  Adept  
  136  8:44  Disruptor  
  139  8:50  Pylon, Dark Shrine  
  139  8:54  Pylon  
  139  8:59  Adept x5  
  149  9:03  Pylon  
  149  9:04  Adept  
  149  9:21  Disruptor  
  152  9:29  Stalker, Adept  
  152  9:30  Adept  
  158  9:34  Nexus  
  158  9:36  Pylon  
  158  9:39  Pylon  
  158  9:46  Gateway  
  158  9:48  Gateway  
  158  9:53  Adept x2  
  158  9:58  Adept x2  
  166  10:14  Disruptor  
  163  10:23  Stalker x4, Adept  
  163  10:24  Probe x2 (Chrono Boost), Adept  
  167  10:47  Stalker x2  
  167  10:48  Adept x4  
Tags
 
Add a new tag
Caveats
  • Supply blocks, unpowered buildings, or Contaminate may cause inaccurate times.
  • Supply counts are checked every 10 seconds.